 Dungeon Crawl Stone Soup version 0.29.1-1-gd02db6906a (webtiles) character file.

Game seed: 17989017785635981292

309 H0rd4k the Insei (level 6, 0/38 HPs)
             Began as an Octopode Transmuter on Oct 20, 2022.
             Succumbed to a scorpion's poison
             ... on level 5 of the Dungeon.
             The game lasted 00:02:44 (4757 turns).

H0rd4k the Insei (Octopode Transmuter)              Turns: 4757, Time: 00:02:45

Health: 0/38       AC:  2    Str:  9    XL:     6   Next: 41%
Magic:  8/10       EV: 21    Int: 23    God:
Gold:   176        SH:  0    Dex: 24    Spells: 6/10 levels left

rFire   . . .      SeeInvis .     - Unarmed
rCold   . . .      Faith    .   (shield currently unavailable)
rNeg    . . .      Spirit   .   (helmet currently unavailable)
rPois   x          Reflect  .   (no amulet)
rElec   .          Harm     .   d - +6 ring of dexterity
rCorr   .          Rampage  .   h - ring of flight
Will    .....                   m - +6 ring of intelligence
Stlth   ++........              p - ring of wizardry
HPRegen 0.12/turn               (no ring)
MPRegen 0.12/turn               (no ring)
                                (no ring)
                                (no ring)

@: lethally poisoned (0 -> -4), spider-form (expiring), flying
A: venomous fangs, almost no armour, (amphibious), 8 rings, tiny, (camouflage
1), (gelatinous body 1), (nimble swimmer 1), (tentacles)
a: End Transformation


You were on level 5 of the Dungeon.
You were a venomous arachnid creature.
You visited 1 branch of the dungeon, and saw 5 of its levels.

You collected 176 gold pieces.

Inventory:

Missiles
 g - 4 poisoned darts
Jewellery
 d - a +6 ring of dexterity (left front leg)
 h - a ring of flight (right front leg)
 m - a +6 ring of intelligence (on tentacle)
 p - a ring of wizardry (on tentacle)
Scrolls
 b - a scroll of noise {unknown}
 f - 4 scrolls of identify {unknown}
 i - a scroll of blinking {unknown}
 l - a scroll of enchant weapon {unknown}
 s - a scroll of fog {unknown}
 t - a scroll of teleportation {unknown}
Potions
 a - 3 potions of lignification
 c - a potion of berserk rage {unknown}
 e - a potion of degeneration {unknown}
 j - 2 potions of heal wounds {unknown}
 k - a potion of cancellation {unknown}
 n - a potion of curing {unknown}
 o - a potion of resistance {unknown}
 q - 3 potions of attraction {unknown}
 r - a potion of mutation {unknown}
 u - 2 potions of ambrosia {unknown}


   Skills:
 + Level 1.4 Fighting
 + Level 2.7 Dodging
 + Level 5.3 Unarmed Combat
 * Level 2.8 Spellcasting
 * Level 3.0 Transmutations
 * Level 2.1 Poison Magic


You had 6 spell levels left.
You knew the following spells:

 Your Spells              Type           Power      Damage    Failure   Level
a - Beastly Appendage     Tmut           34%        N/A       4%          1
b - Spider Form           Tmut/Pois      14%        N/A       12%         3

Your spell library contained the following spells:

 Spells                   Type           Power      Damage    Failure   Level
 Wereblood                Tmut           17%        N/A       6%          2
 Ice Form                 Ice/Tmut       10%        N/A       41%         4


Dungeon Overview and Level Annotations

Branches:
Dungeon (5/15)
 Temple: D:4-7

Altars:
Elyvilon
Hepliaklqana
Yredelemnul

Annotations:
D:2 1 runed translucent door, exclusion: door, Crazy Yiuf
D:4 exclusion: downstairs


Innate Abilities, Weirdness & Mutations

You are a venomous arachnid creature.
You have poisonous fangs.
You are tiny and dextrous.
Your spellcasting is less reliable in this form.
Your armour is entirely melded.
You are incapable of wielding weapons or throwing items.
You cannot wear most types of armour.
((You are amphibious.))
You can wear up to eight rings at the same time.
((Your skin changes colour to match your surroundings (Stealth+).))
((Your rubbery body absorbs attacks. (AC +1, EV +1)))
((You are camouflaged when in or above water. (Stealth+)))
((You have tentacles for arms and can constrict up to eight enemies at once.))


Message History

Found three items.
There is a stone staircase leading up here.
A scorpion is nearby!
A scorpion is nearby!
A scorpion is nearby!
Casting: Spider Form (dangerous; 6% risk of failure)
Confirm with . or Enter, or press ? or * to list all spells.
You turn into a venomous arachnid creature.
The scorpion completely misses you.
You hit the scorpion but do no damage. The scorpion misses you.
You hit the scorpion but do no damage.
The scorpion is poisoned.
The scorpion completely misses you.
You hit the scorpion.
The scorpion is lightly wounded.
The scorpion stings you.
You are poisoned.
The scorpion poisons you!
You hit the scorpion.
The scorpion looks as sick as possible!
The scorpion is heavily wounded.
You feel very sick. The scorpion closely misses you.
You hit the scorpion.
You kill the scorpion!
You feel very sick.
Your Transmutations skill increases to level 3!
Your Poison Magic skill increases to level 2!
You hit the white imp but do no damage.
You feel sick. The white imp gestures at you. The puff of frost hits you!
You barely miss the white imp.
You feel sick. The white imp barely misses you.
You hit the white imp.
The white imp is poisoned.
The white imp is moderately wounded.
Your transformation is almost over.
You feel sick. The worm bites you.
* * * LOW HITPOINT WARNING * * *
The white imp disappears for a moment.
The white imp gestures at you. The puff of frost hits you.
* * * LOW HITPOINT WARNING * * *
You die...

..?.(.. .......
....... ##
....... #.
....... .. #
.......##.# ..
........#.##..?
#.....<.......
...##....s..>....
.................
........w5.......
..>..............
.................
#................
.............##..
.......<.........
...........$...


You could see a worm and a white imp (very poisoned).

Vanquished Creatures
  3 scorpions
  A hound (D:4)
  4 adders
  2 worms (D:2)
  A dart slug (D:2)
  5 orcs (D:4)
  4 ball pythons
  3 endoplasms
  2 giant cockroaches
  8 goblins
  6 hobgoblins
  5 quokkas
  6 bats
  A frilled lizard (D:1)
  4 kobolds
  2 rats
57 creatures vanquished.

Notes
Turn   | Place    | Note
-------+----------+-------------------------------------------
     0 | D:1      | H0rd4k the Octopode Transmuter began the quest for the Orb.
     0 | D:1      | Reached XP level 1. HP: 13/13 MP: 3/3
   212 | D:1      | Found a faded altar of an unknown god.
   615 | D:1      | Reached XP level 2. HP: 18/18 MP: 5/5
  1350 | D:2      | Found a basalt altar of Yredelemnul.
  1443 | D:2      | Reached XP level 3. HP: 9/23 MP: 6/6
  1958 | D:2      | Reached skill level 4 in Unarmed Combat
  2497 | D:2      | Found a runed translucent door.
  2498 | D:2      | Noticed Crazy Yiuf
  2702 | D:3      | Found a hazy altar of Hepliaklqana.
  3072 | D:3      | Reached XP level 4. HP: 24/28 MP: 7/7
  3463 | D:4      | Noticed a scorpion
  3470 | D:4      | Learned a level 3 spell: Spider Form
  3715 | D:4      | Noticed a scorpion
  3742 | D:4      | Killed a scorpion
  3743 | D:4      | Reached skill level 1 in Poison Magic
  3743 | D:4      | Reached XP level 5. HP: 27/33 MP: 4/8
  4316 | D:4      | Found a white marble altar of Elyvilon.
  4602 | D:4      | Reached skill level 5 in Unarmed Combat
  4602 | D:4      | Reached XP level 6. HP: 31/38 MP: 5/9
  4689 | D:5      | Entered Level 5 of the Dungeon
  4756 | D:5      | HP: 1/38 [white imp/puff of frost (5)]
  4757 | D:5      | Succumbed to a scorpion's poison

Illustrated notes

Levels and vault maps discovered:
D:1:      amcnicky_arrival_wind_blow, layout_loops_ring, basic_ecumenical_altar,
          roderic_lattice_a, st_stairs_13
D:2:      layout_rooms, basic_altar, uniq_crazy_yiuf_cottage
D:3:      layout_loops_cross, nicolae_hepliaklqana_hippocampus, dk_vineyard_3
D:4:      layout_basic, kennysheep_mini_moat
D:5:      layout_cave_pools, jmf_multi_god_temple, gammafunk_ghost_icy

Skill      XL: |  1  2  3  4  5  6 |
---------------+-------------------+-----
Unarmed Combat | 4 5 |  5.3
Poison Magic   | 1 2 |  2.1
Transmutations | 3 |  3.0
Fighting       | |  1.4
Dodging        | |  2.7
Spellcasting   | |  2.8

Action                   |  1- 3 |  4- 6 || total
-------------------------+-------+-------++-------
Melee: Unarmed           |    89 |    65 ||   154
       Constrict         |    20 |    10 ||    30
       Tentacles         |    18 |     8 ||    26
       Kick              |     5 |     1 ||     6
       Punch             |     1 |     1 ||     2
 Cast: Beastly Appendage |     2 |     1 ||     3
       Spider Form       |       |     6 ||     6
 Stab: Sleeping          |     8 |     4 ||    12
Armor: Skin              |     8 |     2 ||    10
Dodge: Dodged            |    47 |    36 ||    83
